 Dungeon Crawl Stone Soup version 0.31-a0-196-g86fe4a5e66 (webtiles) character file.

Game seed: 10260308900727651597

7 Gorgondantess the Chiller (level 2, 0/20 HPs)
             Began as a Ghoul Ice Elementalist on June 24, 2023.
             Slain by a goblin
             ... wielding a +0 club
              (1 damage)
             ... on level 1 of the Dungeon.
             The game lasted 00:01:06 (186 turns).

Gorgondantess the Chiller (Ghoul Ice Elementalist)   Turns: 186, Time: 00:01:07

Health: 0/20       AC:  2    Str: 11    XL:     2   Next: 0%
Magic:  0/3        EV: 12    Int: 10    God:
Gold:   10         SH:  0    Dex:  9    Spells: 3/4 levels left

rFire   + . .        (no weapon)
rCold   + . .        (no shield)
rNeg    + + +        a - +0 robe
rPois   ∞            (no helmet)
rElec   .            (no cloak)
rCorr   .            (no gloves)
SInv    .            (no boots)
Will    .....        (no amulet)
Stlth   ++           c - ring of protection from fire
HPRegen 0.00/turn    (no ring)
MPRegen 0.08/turn

%: no passive effects
@: inhibited regen
A: claws 1, cold resistance 1, negative energy resistance 3, inhibited
regeneration, torment resistance 2, devour on kill
a: no special abilities


You were on level 1 of the Dungeon.
You visited 1 branch of the dungeon, and saw 1 of its levels.

You collected 10 gold pieces.

Inventory:

Armour
 a - a +0 robe (worn)
Jewellery
 c - a ring of protection from fire (left claw)
Potions
 b - a potion of magic


   Skills:
 - Level 1.7 Dodging
 - Level 2.1 Stealth
 - Level 1.7 Spellcasting
 + Level 4.8 Ice Magic


You had 3 spell levels left.
You knew the following spells:

 Your Spells              Type           Power      Damage    Failure   Level
a - Freeze                Ice            40%        1d6       4%          1

Your spell library contained the following spells:

 Spells                   Type           Power      Damage    Failure   Level
 Frozen Ramparts          Ice            20%        1d4       13%         3
 Ozocubu's Armour         Ice            10%        N/A       13%         3
 Summon Ice Beast         Ice/Summ       5%         N/A       75%         4


Dungeon Overview and Level Annotations

Branches:
Dungeon (1/15)

Altars:

Shops:
D:1 (


Innate Abilities, Weirdness & Mutations

You are immune to poison.
You have sharp fingernails.
Your flesh is cold resistant. (rC+)
You are immune to negative energy. (rN+++)
You do not regenerate when monsters are visible.
You are immune to unholy pain and torment.
You thrive by killing the living.


Message History

You freeze the goblin.
You kill the goblin!
The goblin shouts!
You have reached level 2!
There is an open door here.
You close the door.
A gnoll opens the door.
You see here a +0 short sword.
The gnoll misses you.
Casting: Freeze (safe; 4% risk of failure)
Confirm with . or Enter, or press ? or * to list all spells.
Aiming: Freeze (safe; 4% risk of failure)
Press: ? - help, Shift-Dir - straight line, f - gnoll
Aim: a gnoll, wielding a +0 spear You freeze the gnoll.
The gnoll is moderately wounded.
The gnoll hits you with a +0 spear!
Unknown command.
Casting: Freeze (safe; 4% risk of failure)
Confirm with . or Enter, or press ? or * to list all spells.
Aiming: Freeze (safe; 4% risk of failure)
Press: ? - help, Shift-Dir - straight line, f/p - gnoll
Aim: a gnoll, wielding a +0 spear (moderately wounded)
You freeze the gnoll.
The gnoll is moderately wounded.
The gnoll hits you with a +0 spear!
* * * LOW HITPOINT WARNING * * *
Casting: Freeze (safe; 4% risk of failure)
Confirm with . or Enter, or press ? or * to list all spells.
Aiming: Freeze (safe; 4% risk of failure)
Press: ? - help, Shift-Dir - straight line, f/p - gnoll
Aim: a gnoll, wielding a +0 spear (moderately wounded)
You freeze the gnoll.
The gnoll is severely wounded.
The goblin hits you but does no damage. The gnoll hits you with a +0 spear.
* * * LOW HITPOINT WARNING * * *
You barely miss the gnoll.
The gnoll is severely wounded.
The goblin hits you with a +0 club.
You die...

g######.~≈≈≈~.~~≈.~~≈~≈...~
..)..###.~~≈.≈~≈≈≈.≈≈~.~~~.
####.####...~≈≈≈~≈~.~~≈≈~≈.
#.#..###.≈≈≈≈~.<.~≈≈≈~.#
#.....#.~~≈≈≈≈~~~≈~≈≈~~.
#.#..##..~~≈≈≈≈.≈≈~≈≈≈..
#.##..###.~≈≈≈~≈.~≈.~~..
#.###..#....g~~≈~.≈≈...#
#.# ##...~~.g@.~≈.##~.#.
#.# ##.....####### ... #..
#..##### #. ### ####


You could see a gnoll and a goblin.

Vanquished Creatures
  2 ball pythons (D:1)
  A goblin (D:1)
  A kobold (D:1)
  A quokka (D:1)
5 creatures vanquished.

Notes
Turn   | Place    | Note
-------+----------+-------------------------------------------
     0 | D:1      | Gorgondantess the Ghoul Ice Elementalist began the quest
                  | for the Orb.
     0 | D:1      | Reached XP level 1. HP: 14/14 MP: 2/2
    35 | D:1      | Found Lochagutt's Weapon Emporium.
    35 | D:1      | Noticed a +0 great mace
    38 | D:1      | Noticed a +0 demon trident
   144 | D:1      | Reached XP level 2. HP: 20/20 MP: 0/3
   185 | D:1      | HP: 1/20 [gnoll/+0 spear (3)]
   186 | D:1      | Slain by a goblin

Illustrated notes

Levels and vault maps discovered:
D:1:      dpeg_arrival_subterranean_lakeside_camping, layout_basic,
          serial_shops, nicolae_shop_mannequins, nicolae_shop_tiny_waterfront,
          nicolae_shop_bloodbath_and_beyond, nicolae_shop_trees

Action                     || total
---------------------------++-------
  Melee: Unarmed           ||    12
   Cast: Freeze            ||     8
 Armour: Robe              ||     3
  Dodge: Dodged            ||    14

Table legend: (Time is in decaauts)
 A = Elapsed time spent in this place.
 B = Non-inter-level travel time spent in this place.
 C = Inter-level travel time spent in this place.
 D = Time resting spent in this place.
 E = Time spent auto-exploring this place.
 F = Levels seen in this place.
 G = Mean time per level.
                   A        B        C        D        E       F      G
               +--------+--------+--------+--------+--------+-----+--------+
         Total |    185 |    185 |      0 |     44 |     46 |   1 |  185.0 |
       Dungeon |    185 |    185 |      0 |     44 |     46 |   1 |  185.0 |
               +--------+--------+--------+--------+--------+-----+--------+

Top non-repeatable levels by time:
     D:1: 185 daAuts
